 Dungeon Crawl Stone Soup version 0.19-a0-1050-g8e71ee3 (webtiles) character file.

62 Musica the Grave Robber (level 3, -1/24 HPs)
             Began as a Mummy Necromancer on Aug 1, 2016.
             Slain by an adder (2 damage)
             ... on level 2 of the Dungeon.
             The game lasted 00:08:14 (1790 turns).

Musica the Grave Robber (Mummy Necromancer)         Turns: 1790, Time: 00:08:15

Health: -1/24      AC:  3    Str: 11    XL:     3   Next: 85%
Magic:  0/7        EV: 12    Int: 15    God:
Gold:   119        SH:  0    Dex: 12    Spells: 3 memorised, 2 levels left

rFire  x . .     SeeInvis .     d - -2 dagger (curse)
rCold  + . .     Gourm    .     a - +1 robe
rNeg   + + +     Faith    .     (no shield)
rPois  ∞         Spirit   .     (no helmet)
rElec  .         Dismiss  .     (no cloak)
rCorr  .         Reflect  .     (no gloves)
SustAt .         Harm     .     (no boots)
MR     .....                    (no amulet)
Stlth  +.........               (no ring)
                                f - ring of loudness (curse)

@: not resistant to hostile enchantments, very unstealthy
A: no food or potions, fire vulnerability, cold resistance 1, negative energy
resistance 3, torment resistance, unbreathing
a: no special abilities


You were on level 2 of the Dungeon.
You were not hungry.

You visited 1 branch of the dungeon, and saw 2 of its levels.

You collected 119 gold pieces.

Inventory:

Hand Weapons
 c - a +0 whip
 d - a cursed -2 dagger (weapon)
 j - a +2 short sword of venom
Missiles
 h - 33 arrows
Armour
 a - a +1 robe (worn)
Jewellery
 f - a cursed ring of loudness (left hand)
 g - an uncursed ring of flight
 k - an uncursed ring of protection from fire
 l - an uncursed ring of protection from cold
Wands
 m - a wand of iceblast (9/15)
Scrolls
 i - a scroll of fog
 n - 3 scrolls of identify
Books
 b - a book of Necromancy

   Spells                             Type                      Level
   a - Pain                           Necromancy                   1
   b - Animate Skeleton               Necromancy                   1
   c - Vampiric Draining              Necromancy                   3
   d - Regeneration                   Charms/Necromancy            3
   e - Animate Dead                   Necromancy                   4
   f - Control Undead                 Necromancy                   4


   Skills:
 - Level 1.5 Dodging
 - Level 1.5 Stealth
 + Level 2.6 Spellcasting
 + Level 5.1 Necromancy


You had 2 spell levels left.
You knew the following spells:

 Your Spells              Type           Power        Failure   Level  Hunger
a - Pain                  Necr           ###.         2%          1    N/A
b - Animate Skeleton      Necr           N/A          2%          1    N/A
c - Vampiric Draining     Necr           ###.......   10%         3    N/A

Dungeon Overview and Level Annotations

Branches:
Dungeon (2/15)

Altars:
Ru


Innate Abilities, Weirdness & Mutations

You do not eat or drink.
Your flesh is vulnerable to fire.
You are immune to poison.
Your flesh is cold resistant. (rC+)
You are immune to negative energy. (rN+++)
You are immune to unholy pain and torment.
You can survive without breathing.


Message History

Casting: Pain
Confirm with . or Enter, or press ? or * to list all spells.
Aiming: Pain
Press: ? - help, Shift-Dir - straight line, f/p - adder
Aim: an adder (lightly wounded, chance to defeat MR: 82%)
The adder convulses in agony!
The adder bites you.
* * * LOW HITPOINT WARNING * * *
The adder bites you.
* * * LOW HITPOINT WARNING * * *
Throwing (i - inventory):
e - a javelin (quivered)
Press: ? - help, Shift-Dir - straight line, f/p - adder
Aim: an adder (moderately wounded)
You throw a javelin. The javelin misses the adder.
The adder bites you.
* * * LOW HITPOINT WARNING * * *
The adder bites you.
* * * LOW HITPOINT WARNING * * *
You can't drink.
Unknown command.
The adder bites you.
You die...

# #...Z...Z..........#
#..######..###...#.# #..######..#
#.#.# # #.........Z# #.#.# ##
##.#######.#####.#.# .## #Z##
#.........# . ..## ##..#
#######.### ...
...####..%###########...####.....
...Z............@S......).(((....
...####...###########...####.....
..## ##.## ##.## ... .## #.# #.#
. ## #.# #.# # #.. #.. ## ##. .#


You could see an adder.

Vanquished Creatures
  An adder (D:2)
  An ooze (D:1)
  A worm (D:2)
  A giant gecko (D:2)
  8 goblins
  4 hobgoblins
  2 jackals (D:2)
  6 kobolds
  10 bats
  2 giant newts (D:1)
  3 rats
39 creatures vanquished.

Vanquished Creatures (collateral kills)
  A dart slug (D:1)
  A giant gecko (D:2)
  A jackal (D:2)
  2 bats (D:2)
  A rat (D:1)
6 creatures vanquished.

Grand Total: 45 creatures vanquished

Notes
Turn   | Place    | Note
-------+----------+-------------------------------------------
     0 | D:1      | Musica the Mummy Necromancer began the quest for the Orb.
     0 | D:1      | Reached XP level 1. HP: 13/13 MP: 3/3
    27 | D:1      | Learned a level 1 spell: Animate Skeleton
   156 | D:1      | Reached XP level 2. HP: 19/19 MP: 0/5
   767 | D:1      | Reached XP level 3. HP: 21/24 MP: 1/6
  1192 | D:2      | Found a sacrificial altar of Ru.
  1390 | D:2      | Reached skill level 5 in Necromancy
  1398 | D:2      | Learned a level 3 spell: Vampiric Draining
  1787 | D:2      | HP: 1/24 [adder (3)]
  1790 | D:2      | Slain by an adder

Vault maps used:
D:1:      shiori_arrival_elements, corexii_hall_statues_x,
          grunt_decor_one_mirror, kennysheep_nondescript, minmay_split_cup_large
D:2:      nicolae_overflow_crystal_walls, nicolae_ru_path_of_blood, first_bread,
          kennysheep_generic_room_16

Skill      XL: |  1  2  3 |
---------------+----------+-----
Necromancy     | 5 |  5.1
Dodging        | |  1.5
Stealth        | |  1.5
Spellcasting   | |  2.6

Action                   || total
-------------------------++-------
Melee: Unarmed           ||     8
       Dagger            ||    33
Throw: Javelin           ||     8
 Cast: Pain              ||    73
       Animate Skeleton  ||    24
  Use: Scroll            ||     6
Armor: Robe              ||    23
Dodge: Dodged            ||    54
